 Dungeon Crawl Stone Soup version 0.21.0-24-g2553a3340b (webtiles) character file.

2130 Rrauwl the Cleaver (level 9, 0/106 HPs)
             Began as a Minotaur Artificer on Jan 19, 2018.
             Was an Initiate of Ashenzari.
             Slain by an orc warrior
             ... wielding a +1 hand axe of chopping
              (4 damage)
             ... on level 7 of the Dungeon.
             The game lasted 00:18:38 (5385 turns).

Rrauwl the Cleaver (Minotaur Artificer)             Turns: 5385, Time: 00:18:39

Health: 0/106      AC: 24    Str: 18    XL:     9   Next: 8%
Magic:  10/10      EV:  2    Int:  8    God:    Ashenzari [......]
Gold:   257        SH:  0    Dex: 13    Spells: 8/8 levels left

rFire    . . .     SeeInvis .   c - +4 quarterstaff (chaos)
rCold    . . .     Gourm    .   (shield currently unavailable)
rNeg     + + +     Faith    .   (armour currently unavailable)
rPois    +         Spirit   .   (helmet currently unavailable)
rElec    .         Reflect  .   (cloak currently unavailable)
rCorr    .         Harm     .   (gloves currently unavailable)
MR       .....     NoTele   +   (boots currently unavailable)
Stlth    ++........             (no amulet)
HPRegen  0.27/turn              (no ring)
MPRegen  0.12/turn              (no ring)

@: tree-form, drained
A: (retaliatory headbutt)
a: Curse Item, Renounce Religion


You were on level 7 of the Dungeon.
You worshipped Ashenzari.
Ashenzari was noncommittal.
You were not hungry.
You were a tree.
You visited 2 branches of the dungeon, and saw 8 of its levels.

You collected 257 gold pieces.

Inventory:

Hand Weapons
 a - a +0 war axe
 c - a +4 quarterstaff of chaos (weapon)
Armour
 k - a +0 pair of boots (melded)
 t - a +0 plate armour (melded)
 v - a +0 cloak
 y - a +0 pair of gloves (melded)
Jewellery
 s - a +2 ring of intelligence
Wands
 d - a wand of enslavement (15)
 f - a wand of random effects (15)
 l - a wand of flame (44)
 n - a wand of polymorph (9)
Scrolls
 b - 2 scrolls of fear {unknown}
 h - a scroll of enchant armour {unknown}
 i - 5 scrolls of identify
 j - a scroll of teleportation {unknown}
 q - a scroll of blinking {unknown}
 u - a scroll of remove curse
 w - a scroll of amnesia {unknown}
Potions
 g - 2 potions of flight
 m - a potion of might
 o - 4 potions of curing
 p - 3 potions of mutation
 x - 3 potions of haste
 A - 2 potions of lignification
Books
 r - a book of Minor Magic

   Spells                             Type                      Level
   a - Magic Dart                     Conjuration                  1
   b - Blink                          Translocation                2
   c - Call Imp                       Summoning                    2
   d - Slow                           Hexes                        2
   e - Conjure Flame                  Conjuration/Fire             3
   f - Mephitic Cloud                 Conjuration/Poison/Air       3
Comestibles
 e - 8 rations


   Skills:
 - Level 4.0(3.8) Fighting
   Level 1.1(0.8) Short Blades
 + Level 10.7(10.4) Axes
 - Level 8.0(7.8) Armour
 - Level 2.1(1.9) Dodging
 - Level 1.0(0.7) Stealth
 - Level 3.0(2.7) Evocations


You had 8 spell levels left.
You didn't know any spells.

Dungeon Overview and Level Annotations

Branches:
Dungeon (7/15)             Temple (1/1) D:5

Altars:
Ashenzari
Cheibriados
Dithmenos
Elyvilon
Fedhas
Gozag
Hepliaklqana
Kikubaaqudgha
Makhleb
Qazlal
Ru
Sif Muna
Trog
Uskayaw
Vehumet
Wu Jian
Xom
Yredelemnul
Zin
The Shining One


Innate Abilities, Weirdness & Mutations

((You reflexively headbutt those who attack you in melee.))
((You have a pair of horns on your head.))


Message History

The orc warrior is severely wounded.
The orc warrior hits you but does no damage.
You hit the orc warrior but do no damage.
The orc warrior is severely wounded.
The orc warrior hits you but does no damage. x2
You hit the orc warrior.
The orc warrior suddenly stops moving!
The orc warrior is severely wounded.
The helpless orc warrior fails to defend itself.
You hit the orc warrior.
Nothing appears to happen.
The orc warrior is almost dead.
The orc warrior is no longer paralysed.
The orc warrior hits you with a hand axe of chopping.
* * * LOW HITPOINT WARNING * * *
x2 The orc warrior hits you with a hand axe of chopping.
* * * LOW HITPOINT WARNING * * *
x2 You hit the orc warrior but do no damage.
The orc warrior is almost dead.
The orc warrior hits you but does no damage.
The orc warrior hits you with a hand axe of chopping.
You die...

#.....#####.Z....
#.....#...z.z....
#.....#......#
#.....#..######
#..<.....o)...#
#######.#.###.#
#...# #.# #####
#o# #♣# #.# #.#
#.# #.# #.# #..
###


You could see an orc warrior (petrifying).

Vanquished Creatures
  The ghost of qwip the Cutter, an amateur DsCK of Xom (D:5)
  Sigmund (D:3)
  An ice beast (D:5)
  2 ogres
  2 phantoms (D:4)
  A centaur (D:7)
  2 big kobolds (D:5)
  A scorpion (D:4)
  2 water moccasin skeletons (D:4)
  9 wights
  2 jellies
  Crazy Yiuf (D:6)
  5 orc priests
  2 hounds (D:6)
  An orc wizard (D:5)
  Jessica (D:3)
  2 worker ants (D:4)
  A hound skeleton (D:2)
  5 adders
  A shadow imp (D:6)
  An adder zombie (D:5)
  2 adder skeletons (D:4)
  3 worms
  A dart slug (D:2)
  6 leopard geckos
  12 orcs
  6 giant cockroaches
  2 gnoll zombies (D:4)
  8 goblins
  9 hobgoblins
  4 jackals
  20 kobolds
  2 quokkas
  A ball python (D:1)
  14 bats
  5 frilled lizards
  5 rats
144 creatures vanquished.

Notes
Turn   | Place    | Note
-------+----------+-------------------------------------------
     0 | D:1      | Rrauwl the Minotaur Artificer began the quest for the Orb.
     0 | D:1      | Reached XP level 1. HP: 16/16 MP: 1/1
   103 | D:1      | Reached skill level 1 in Stealth
   121 | D:1      | Reached XP level 2. HP: 17/23 MP: 3/3
   158 | D:1      | Reached skill level 1 in Axes
   166 | D:1      | Reached skill level 1 in Armour
   472 | D:1      | Reached XP level 3. HP: 24/29 MP: 4/4
   759 | D:2      | Reached skill level 2 in Axes
   935 | D:2      | Found a snail-covered altar of Cheibriados.
  1017 | D:2      | Found a stormy altar of Qazlal.
  1037 | D:2      | Reached XP level 4. HP: 31/37 MP: 5/5
  1458 | D:3      | Reached XP level 5. HP: 32/45 MP: 6/6
  1530 | D:3      | Reached skill level 3 in Axes
  1732 | D:3      | Found a hazy altar of Hepliaklqana.
  1827 | D:3      | Noticed Jessica
  1833 | D:3      | Killed Jessica
  1908 | D:3      | Noticed Sigmund
  1918 | D:3      | Killed Sigmund
  1918 | D:3      | Reached skill level 4 in Axes
  1918 | D:3      | Reached XP level 6. HP: 38/52 MP: 7/7
  2288 | D:4      | Reached skill level 5 in Axes
  2288 | D:4      | Reached skill level 5 in Armour
  2288 | D:4      | Reached XP level 7. HP: 52/59 MP: 8/8
  2594 | D:4      | Reached skill level 6 in Axes
  2666 | D:4      | Found a basalt altar of Yredelemnul.
  3218 | D:5      | Entered Level 5 of the Dungeon
  3301 | D:5      | Reached skill level 7 in Axes
  3301 | D:5      | Reached XP level 8. HP: 36/66 MP: 9/9
  3558 | D:5      | Noticed qwip's ghost (amateur DsCK)
  3567 | D:5      | Killed qwip's ghost
  3655 | D:5      | Reached skill level 8 in Axes
  4024 | D:5      | Found a staircase to the Ecumenical Temple.
  4039 | Temple   | Entered the Ecumenical Temple
  4120 | Temple   | Became a worshipper of Ashenzari the Shackled
  4216 | D:5      | Found a glowing golden altar of the Shining One.
  4447 | D:6      | Reached skill level 9 in Axes
  4528 | D:6      | Reached skill level 10 in Axes
  4823 | D:6      | Found a runed door.
  4827 | D:6      | Noticed Crazy Yiuf
  4836 | D:6      | Killed Crazy Yiuf
  5103 | D:6      | Found a shimmering altar of Xom.
  5336 | D:7      | Reached XP level 9. HP: 61/71 MP: 10/10
  5384 | D:7      | HP: 4/106 [orc warrior/hand axe of chopping (2)]
  5385 | D:7      | Slain by an orc warrior

Skill      XL: |  1  2  3  4  5  6  7  8 |
---------------+-------------------------+-----
Stealth        | 1 |  1.0
Axes           | 1 2 4 5 7 10 | 10.7
Armour         | 1 2 4 5 7 8 |  8.0
Evocations     | 3 |  3.0
Fighting       | 2 3 4 |  4.0
Short Blades   | |  1.1
Dodging        | |  2.1

Action                   |  1- 3 |  4- 6 |  7- 9 || total
-------------------------+-------+-------+-------++-------
Melee: Hand axe          |    38 |       |       ||    38
       Headbutt          |    11 |    25 |    31 ||    67
       Whip              |    46 |   127 |    44 ||   217
       War axe           |       |       |   143 ||   143
       Quarterstaff      |       |       |    40 ||    40
Evoke: Wand              |       |       |     4 ||     4
  Use: Potion            |       |       |     7 ||     7
       Scroll            |       |       |     5 ||     5
 Stab: Paralysed         |       |       |     1 ||     1
  Eat: Chunk             |       |     4 |     2 ||     6
       Ration            |       |       |     3 ||     3
Armor: Leather armour    |    17 |       |       ||    17
       Ring mail         |    19 |    25 |       ||    44
       Scale mail        |       |     8 |       ||     8
       Plate armour      |       |    38 |   155 ||   193
       Skin              |       |       |     5 ||     5
Dodge: Dodged            |    57 |    45 |    66 ||   168
